 Dungeon Crawl Stone Soup version 0.29.0-4-gdea44cf6ec (webtiles) character file.

Game seed: 8998878062283692509

351 RascalDebosk the Ogre Mage (level 6, -16/55 (59) HPs)
             Began as an Ogre Air Elementalist on Aug 26, 2022.
             Was an Initiate of Gozag.
             Demolished by a wight
             ... wielding a +3 great sword
              (17 damage)
             ... on level 4 of the Dungeon.
             The game lasted 00:36:36 (3540 turns).

RascalDebosk the Ogre Mage (Ogre Air Elementalist)  Turns: 3540, Time: 00:36:36

HP:   -16/55 (59)   AC:  7    Str: 13    XL:     6   Next: 61%
MP:   6/11          EV: 10    Int: 24    God:    Gozag
Gold: 266           SH:  0    Dex:  9    Spells: 6/12 levels left

rFire   . . .      SeeInvis .   t - +2 hand axe (flame)
rCold   . . .      Faith    .   (no shield)
rNeg    . . .      Spirit   .   a - +0 robe
rPois   .          Reflect  .   (helmet restricted)
rElec   .          Harm     .   (no cloak)
rCorr   .          Rampage  .   (gloves unavailable)
Will    .....                   (boots unavailable)
Stlth   +.........              (no amulet)
HPRegen 0.18/turn               r - +4 ring of protection
MPRegen 0.12/turn               l - +6 ring of intelligence

@: drained
A: large, unfitting armour, tough skin 1
a: Renounce Religion, Potion Petition, Call Merchant, Bribe Branch


You were on level 4 of the Dungeon.
You worshipped Gozag.
Gozag was aware of your devotion.
You visited 2 branches of the dungeon, and saw 5 of its levels.

You collected 287 gold pieces.
You paid 21 gold pieces to Gozag.

Inventory:

Hand Weapons
 d - a +1 hand axe of electrocution
 h - a +4 dagger of venom
 q - a +3 war axe
 t - a +2 hand axe of flaming (weapon)
Missiles
 i - 16 stones
Armour
 a - a +0 robe (worn)
Jewellery
 e - a ring of flight
 l - a +6 ring of intelligence (right hand)
 r - a +4 ring of protection (left hand)
Scrolls
 v - a scroll of teleportation {unknown}
 w - a scroll of poison {unknown}
 x - a scroll of blinking {unknown}
Potions
 b - a potion of magic
 f - a potion of degeneration
 g - a potion of haste
 k - a potion of resistance
 m - a potion of curing
 n - a potion of ambrosia {unknown}
 o - a potion of berserk rage {unknown}
 s - a potion of heal wounds {unknown}
 u - a potion of mutation {unknown}


   Skills:
 + Level 2.6 Fighting
 + Level 2.0 Polearms
 + Level 1.7 Armour
 + Level 2.7 Dodging
 - Level 1.4 Stealth
 - Level 1.0 Shields
 + Level 3.5 Spellcasting
 + Level 2.2 Conjurations
 + Level 3.4 Air Magic


You had 6 spell levels left.
You knew the following spells:

 Your Spells              Type           Power      Damage    Failure   Level
a - Shock                 Conj/Air       72%        1d7       3%          1
b - Swiftness             Air            20%        N/A       8%          3
c - Static Discharge      Conj/Air       18%        3-6/arc   4%          2

Your spell library contained the following spells:

 Spells                   Type           Power      Damage    Failure   Level
 Airstrike                Air            10%        2d(2-18)  24%         4


Dungeon Overview and Level Annotations

Branches:
Dungeon (4/15)             Temple (1/1) D:4

Altars:
Ashenzari
Elyvilon
Gozag
Kikubaaqudgha
Okawaru
Qazlal
Ru
Sif Muna
Trog
Uskayaw
Vehumet
Wu Jian
Yredelemnul
The Shining One


Innate Abilities, Weirdness & Mutations

You are too large for most types of armour.
You have tough skin. (AC +1)


Message History

You barely miss the wight.
The wight is almost destroyed.
The wight hits you with a +1 short sword of freezing.
The wight freezes you.
The wight hits you with a +1 short sword of freezing.
You feel drained. The wight freezes you.
You hit the wight. You burn the wight.
You destroy the wight!
Your Polearms skill increases to level 2!
You now have 262 gold pieces (gained 3).
Things that are here:
a +1 short sword of freezing; a +0 robe You now have 266 gold pieces (gained 4).
Things that are here:
a +0 vorpal scimitar; a +0 robe 2 wights come into view.
There is a stone staircase leading down here.
You hit the wight. You burn the wight.
The wight is moderately damaged.
The wight misses you.
You hit the wight. You burn the wight.
The wight is heavily damaged.
The wight barely misses you.
You hit the wight. You burn the wight.
The wight is severely damaged.
The wight hits you with a +3 great sword!
You feel drained.
The wight hits you with a +3 great sword.
* * * LOW HITPOINT WARNING * * *
You hit the wight. You burn the wight.
The wight is almost destroyed.
The wight hits you with a +3 great sword!
* * * LOW HITPOINT WARNING * * *
You feel better.
The wight hits you with a +3 great sword!
* * * LOW HITPOINT WARNING * * *
The wight attacks as you move away!
The wight hits you with a +3 great sword!
You die...
Your body crumbles into a pile of gold.

************
*,,,,,,,,,,*
*,********,***********
*,* *,,,,,,,,,,** *,*
#..#******,** *,* #.z#
*,** *,* ######..#
*,,, *,* #.z.z...#
**** *,* #@####.## *,*
#)# #.####
#.###.####.##.## #
#.....)....#...#######
#####.#####...........
#.# ##...####... #.#
##.## #..# #.# #.#
#..# #.# #.#####..#


You could see 2 wights.

Vanquished Creatures
  A kobold brigand (D:4)
  A necrophage (D:2)
  2 wights (D:4)
  Jessica (D:2)
  3 adders (D:2)
  5 dart slugs
  An orc (D:3)
  3 bats
  5 endoplasms
  5 giant cockroaches
  3 goblins
  6 hobgoblins
  5 quokkas
  4 ball pythons
  6 frilled lizards
  4 kobolds (D:1)
  7 rats
62 creatures vanquished.

Notes
Turn   | Place    | Note
-------+----------+-------------------------------------------
     0 | D:1      | RascalDebosk the Ogre Air Elementalist began the quest for
                  | the Orb.
     0 | D:1      | Reached XP level 1. HP: 16/16 MP: 3/3
   215 | D:1      | Reached skill level 1 in Conjurations
   215 | D:1      | Reached XP level 2. HP: 26/26 MP: 1/5
   515 | D:1      | Found a faded altar of an unknown god.
   734 | D:1      | You are sucked into a shaft and drop 1 floor!
   755 | D:2      | Reached XP level 3. HP: 31/32 MP: 2/7
   763 | D:2      | Noticed a necrophage
   786 | D:2      | Killed a necrophage
   787 | D:2      | Reached skill level 1 in Fighting
   787 | D:2      | Reached skill level 1 in Polearms
   787 | D:2      | Reached skill level 1 in Armour
   787 | D:2      | Reached XP level 4. HP: 20/41 MP: 2/8
   845 | D:2      | Learned a level 3 spell: Swiftness
   848 | D:2      | Learned a level 2 spell: Static Discharge
  1091 | D:2      | Noticed Jessica
  1096 | D:2      | Killed Jessica
  1097 | D:2      | Reached skill level 1 in Shields
  1097 | D:2      | Reached XP level 5. HP: 48/48 MP: 6/9
  1609 | D:2      | Found an opulent altar of Gozag.
  1617 | D:2      | Became a worshipper of Gozag Ym Sagoz the Greedy
  3029 | D:3      | Found a glowing drain.
  3274 | D:4      | Found a staircase to the Ecumenical Temple.
  3290 | D:4      | Noticed a kobold brigand
  3298 | D:4      | Killed a kobold brigand
  3299 | D:4      | Reached XP level 6. HP: 38/57 MP: 7/11
  3309 | Temple   | Entered the Ecumenical Temple
  3537 | D:4      | HP: 2/55 [wight/+3 great sword (14)]
  3540 | D:4      | Demolished by a wight

Illustrated notes

Levels and vault maps discovered:
D:1:      dpeg_arrival_round_a, layout_basic, basic_ecumenical_altar,
          dk_noncrumbling_4, hex_medium
D:2:      layout_basic, basic_altar, uniq_jessica
D:3:      layout_loops_corners, portal_sewer_entry_f, minivault_23
D:4:      layout_loops_ring, minmay_temple_entry_drinking_statues,
          hangedman_decor_peaks_small
Temple:   eino_temple_lava

Skill      XL: |  1  2  3  4  5  6 |
---------------+-------------------+-----
Conjurations   | 1 2 |  2.2
Dodging        | 2 |  2.7
Fighting       | 1 2 |  2.6
Polearms       | 1 2 |  2.0
Armour         | 1 |  1.7
Spellcasting   | 3 |  3.5
Air Magic      | 3 |  3.4
Shields        | 1 |  1.0
Stealth        | |  1.4

Action                   |  1- 3 |  4- 6 || total
-------------------------+-------+-------++-------
Melee: Dagger            |    13 |    14 ||    27
       Hand axe          |     1 |    33 ||    34
 Cast: Shock             |    38 |    61 ||    99
       Static Discharge  |       |     3 ||     3
  Use: Scroll            |       |     6 ||     6
       Potion            |       |     1 ||     1
 Stab: Distracted        |       |     1 ||     1
       Sleeping          |       |     1 ||     1
Armor: Robe              |    28 |    19 ||    47
Dodge: Dodged            |    28 |    37 ||    65
